 Dungeon Crawl Stone Soup version 0.18.1-6-gd335043 (webtiles) character file.

91 kae the Shooter (level 4, 0/43 HPs)
             Began as a High Elf Hunter on May 16, 2016.
             Slain by a ball python (1 damage)
             ... on level 2 of the Dungeon.
             The game lasted 00:02:27 (1292 turns).

kae the Shooter (High Elf Hunter)                   Turns: 1292, Time: 00:02:28

Health: 0/43       AC: 22    Str: 11    XL:     4   Next: 34%
Magic:  5/5        EV: -1    Int: 15    God:
Gold:   76         SH:  0    Dex: 21    Spells: 0 memorised, 3 levels left

rFire  . . .     SeeInvis .     b - +0 short sword
rCold  . . .     Gourm    .     (armour currently unavailable)
rNeg   + + +     Faith    .     (no shield)
rPois  +         Spirit   .     (helmet currently unavailable)
rElec  .         Dismiss  .     (cloak currently unavailable)
rCorr  .         Reflect  .     (gloves currently unavailable)
SustAt .         Harm     .     (boots currently unavailable)
MR     .....     NoTele   +     (no amulet)
Stlth  +++.......               (no ring)
                                (no ring)

@: agile, tree-form, slowed, constricted, very slow, not resistant to hostile
enchantments, fairly stealthy
A: no striking features
a: no special abilities


You were on level 2 of the Dungeon.
You were not hungry.
You were a tree.
You visited 1 branch of the dungeon, and saw 2 of its levels.

You collected 76 gold pieces.

Inventory:

Hand Weapons
 a - a +1 shortbow
 b - a +0 short sword (weapon)
Armour
 c - a +0 leather armour (melded)
Scrolls
 i - a scroll of noise {unknown}
 j - a scroll of enchant armour {unknown}
 l - a scroll of random uselessness {unknown}
 m - a scroll of identify {unknown}
 n - a scroll of remove curse {unknown}
Potions
 k - a potion of curing {unknown}
Comestibles
 f - a bread ration
 h - a beef jerky


   Skills:
 - Level 2.0 Fighting
 + Level 7.7 Bows
 - Level 2.1 Dodging
 - Level 1.1 Stealth


You had 3 spell levels left.
You didn't know any spells.

Dungeon Overview and Level Annotations

Branches:
Dungeon (2/15)

Altars:
Fedhas

Annotations:
D:2 Natasha


Message History

Drink which item? (? for menu, Esc to quit)
It was a potion of lignification.
You turn into a tree.
Your +0 leather armour melds into your body.
Your roots penetrate the ground.
Natasha stares at you and mumbles some strange words.
The magic dart hits you!
Unknown command.
You hit Natasha.
Natasha is moderately wounded.
The ball python bites you.
* * * LOW HITPOINT WARNING * * *
The ball python grabs you. The ball python constricts you.
Natasha mumbles some strange words.
The ball python bites you but does no damage.
The ball python constricts you. Natasha claws you.
* * * LOW HITPOINT WARNING * * *
You hit Natasha.
Natasha is moderately wounded.
The ball python bites you.
You die...

...#...##.#......
#.##..##.#......
#......(.....(..
###....#(.(.....
#......(........ #..
#.....(...##.... .#..$
#....(.(..# #..
.##...##...(5S<#.### .
###.###...##.(..♣h.._((..
.<..##.....#.......#.##..
............#..(....... ..
...............##..)..#...
.......>.....####..#### #
.........†.†.####.##
..................#
..............#####
................#


You could see Natasha, a crimson imp and a ball python.

Vanquished Creatures
  Natasha (twice) (D:2)
  A gnoll (D:1)
  An ooze (D:1)
  A worm (D:2)
  A giant gecko (D:1)
  2 bats
  A giant cockroach (D:1)
  6 goblins
  4 hobgoblins (D:1)
  3 giant newts
  2 kobolds (D:1)
  A rat (D:2)
25 creatures vanquished.

Notes
Turn   | Place    | Note
--------------------------------------------------------------
     0 | D:1      | kae the High Elf Hunter began the quest for the Orb.
     0 | D:1      | Reached XP level 1. HP: 14/14 MP: 2/2
   314 | D:1      | Reached XP level 2. HP: 17/19 MP: 3/3
   325 | D:1      | Reached skill level 6 in Bows
   692 | D:1      | Reached XP level 3. HP: 24/24 MP: 4/4
  1098 | D:2      | Noticed Natasha
  1107 | D:2      | Killed Natasha
  1107 | D:2      | Reached skill level 7 in Bows
  1111 | D:2      | Found a blossoming altar of Fedhas.
  1113 | D:2      | Noticed Natasha
  1119 | D:2      | Killed Natasha
  1119 | D:2      | Reached XP level 4. HP: 27/29 MP: 5/5
  1276 | D:2      | Noticed Natasha
  1291 | D:2      | HP: 1/43 [Natasha (3)]
  1292 | D:2      | Slain by a ball python

Skill      XL: |  1  2  3 |
---------------+----------+-----
Bows           | 6 7 |  7.7
Fighting       | |  2.0
Dodging        | |  2.1
Stealth        | |  1.1

Action                   |  1- 3 |  4- 6 || total
-------------------------+-------+-------++-------
Melee: Short sword       |    79 |    14 ||    93
 Fire: Shortbow          |    15 |    14 ||    29
  Use: Potion            |       |     2 ||     2
 Stab: Sleeping          |     3 |       ||     3
  Eat: Chunk             |     1 |       ||     1
Armor: Leather armour    |    19 |    11 ||    30
       Skin              |       |     2 ||     2
Dodge: Dodged            |    49 |    20 ||    69
